 Dungeon Crawl Stone Soup version 0.29.1-12-g30fa7ad0bf (webtiles) character file.

Game seed: 12418972313568408776

3394 RedEric7 the Chopper (level 10, -7/98 HPs)
             Began as a Human Chaos Knight on Jan 2, 2023.
             Was a Plaything of Xom.
             Mangled by a skeletal warrior
             ... wielding a +0 halberd
              (21 damage)
             ... on level 7 of the Dungeon.
             The game lasted 00:38:09 (7799 turns).

RedEric7 the Chopper (Human Chaos Knight)           Turns: 7799, Time: 00:38:10

Health: -7/98      AC: 23    Str: 15    XL:     10   Next: 24%
Magic:  10/10      EV:  6    Int: 12    God:    Xom [....*.]
Gold:   170        SH:  0    Dex: 15    Spells: 9/9 levels left

rFire   . . .      SeeInvis .   u - +0 war axe
rCold   + . .      Faith    .   (no shield)
rNeg    + + +      Spirit   .   h - +0 plate armour
rPois   ∞          Reflect  .   (no helmet)
rElec   .          Harm     .   (no cloak)
rCorr   .          Rampage  .   b - +1 pair of gloves
Will    ++...                   (no boots)
Stlth   ..........              (no amulet)
HPRegen 0.26/turn               (no ring)
MPRegen 0.12/turn               (no ring)

@: lich-form
A: draining attack, torment immunity, no potions, talons 1, iridescent scales 1,
strong-willed 1, sense surroundings 1, robust 3, screaming 1, evolution 1
a: Renounce Religion


You were on level 7 of the Dungeon.
You worshipped Xom.
You were a beloved toy of Xom.
You were an undead lich.
You visited 1 branch of the dungeon, and saw 7 of its levels.

You collected 296 gold pieces.
You spent 126 gold pieces at shops.

Inventory:

Hand Weapons
 a - a +0 hand axe of chaos
 e - a +4 dire flail of holy wrath
 f - a +2 shortbow of flaming
 u - a +0 war axe (weapon)
Armour
 b - a +1 pair of gloves (worn)
 h - a +0 plate armour (worn)
Wands
 q - a wand of flame (15)
Scrolls
 m - 2 scrolls of amnesia
 o - a scroll of torment
 t - a scroll of fear
Potions
 d - a potion of ambrosia {unknown}
 g - a potion of heal wounds {unknown}
 i - a potion of haste
 j - a potion of resistance
 k - a potion of attraction {unknown}
 l - 2 potions of magic {unknown}
 n - 2 potions of lignification {unknown}
 p - 2 potions of curing
 r - a potion of brilliance {unknown}
Miscellaneous
 c - a piece from Xom's chessboard (7/15)


   Skills:
 * Level 5.7 Fighting
 * Level 6.8(7.3) Axes
 * Level 3.6(5.7) Maces & Flails
 * Level 2.4 Ranged Weapons
 * Level 3.1 Throwing
 * Level 6.3 Armour
 * Level 4.2 Dodging
 * Level 5.2 Stealth
 * Level 3.9 Evocations


You had 9 spell levels left.
You didn't know any spells.
Your spell library contained the following spells:

 Spells                   Type           Power      Damage    Failure   Level
 Beastly Appendage        Tmut           0%         N/A       100%        1
 Necrotise                Necr           0%         1d4       100%        1
 Wereblood                Tmut           0%         N/A       100%        2
 Ignite Poison            Fire/Tmut/Pois 0%         N/A       100%        3
 Mephitic Cloud           Conj/Pois/Air  0%         N/A       100%        3
 Spider Form              Tmut/Pois      0%         N/A       100%        3
 Vampiric Draining        Necr           0%         2d6       100%        3
 Agony                    Necr           0%         N/A       100%        5
 Freezing Cloud           Conj/Ice/Air   0%         6-21      100%        5


Dungeon Overview and Level Annotations

Branches:
Dungeon (7/15)             Temple (0/1) D:6

Altars:
Ashenzari
Elyvilon
Kikubaaqudgha
Ru
Vehumet
Xom

Shops:
D:2 (   D:3 [   D:4 *


Innate Abilities, Weirdness & Mutations

You are an undead lich.
Your unarmed attacks are suffused with negative energy.
You are immune to unholy pain and torment.
Your necromantic spells are more powerful.
You cannot drink.
You are immune to poison.
You have sharp toenails.
You are partially covered in iridescent scales. (AC +2)
You are strong-willed. (Will+)
You passively map a small area around you.
You are extremely robust. (+30% HP)
You occasionally shout uncontrollably at your foes.
You have hidden genetic potential.


Message History

The skeletal warrior hits you with a +0 halberd.
You hit the skeletal warrior.
You claw the skeletal warrior, but do no damage.
The skeletal warrior is moderately damaged.
The skeletal warrior barely misses you.
You closely miss the skeletal warrior.
The skeletal warrior is moderately damaged.
The skeletal warrior hits you with a +0 halberd!!
You hit the skeletal warrior but do no damage.
Your kick misses the skeletal warrior.
The skeletal warrior is moderately damaged.
The skeletal warrior hits you with a +0 halberd!
* * * LOW HITPOINT WARNING * * *
You hit the skeletal warrior. Your kick misses the skeletal warrior.
The skeletal warrior is moderately damaged.
The skeletal warrior barely misses you.
You cannot drink potions in your current state!
You hit the skeletal warrior.
You claw the skeletal warrior, but do no damage.
The skeletal warrior is moderately damaged.
The skeletal warrior hits you with a +0 halberd.
* * * LOW HITPOINT WARNING * * *
You hit the skeletal warrior but do no damage.
You claw the skeletal warrior, but do no damage.
The skeletal warrior is moderately damaged.
The skeletal warrior hits you but does no damage.
You slash the skeletal warrior! Your kick misses the skeletal warrior.
The skeletal warrior is heavily damaged.
The skeletal warrior barely misses you.
You hit the skeletal warrior but do no damage.
Your kick misses the skeletal warrior.
The skeletal warrior is heavily damaged.
The skeletal warrior hits you with a +0 halberd!
* * * LOW HITPOINT WARNING * * *
You hit the skeletal warrior but do no damage.
Your kick misses the skeletal warrior.
The skeletal warrior is heavily damaged.
The skeletal warrior hits you with a +0 halberd!!
You die...
Xom chortles!

#.#.# #.# #. #.#.# #.# #.
############## #.#.####.###.
#............# #.#...[......
#.##########.# #.######.##.z
#.#.., ...#.# #.....z......
#.#.#* #.##.# ###...#......
####.#.#####.##.######...#......
##............).Lz..)..(.........
...##.#.###.#.#########...#.....(
.##...#.# #.#.# * #...#....(.
.##...#.# #.#.., , #...#......
.##...#.###.#### * * #...#......
###..<#.....# #...#######
.........##+#* , ##### ###...####
, #.....#


You could see a skeletal warrior.

Vanquished Creatures
  A skeletal warrior (D:7)
  Menkaure (D:6)
  Edmund (D:3)
  An ice beast (shapeshifter) (D:5)
  2 water moccasins (D:6)
  2 sky beasts (D:7)
  An ice beast (D:6)
  An ogre (D:5)
  2 centaurs
  A kobold brigand (D:7)
  A scorpion (D:7)
  2 necrophages
  A bullfrog (D:7)
  A water moccasin zombie (D:6)
  A howler monkey (D:4)
  2 hounds
  2 jellies
  A gnoll bouda (D:6)
  4 iguanas
  A killer bee zombie (D:6)
  A howler monkey zombie (D:6)
  9 gnolls
  2 howler monkey skeletons (D:6)
  8 adders
  A river rat (D:6)
  3 dart slugs
  6 orcs
  10 ball pythons
  4 bats
  5 endoplasms
  3 giant cockroaches
  7 goblins
  3 hobgoblins
  A jackal (D:4)
  4 frilled lizards
  14 kobolds
  13 rats
123 creatures vanquished.

Vanquished Creatures (collateral kills)
  2 skeletal warriors (D:7)
  8 gnolls (D:4)
  An adder (D:4)
  An endoplasm (D:4)
  A kobold (D:4)
13 creatures vanquished.

Vanquished Creatures (others)
  A dancing weapon (D:7)
  An adder (D:5)
  A kobold zombie (D:2)
  A withered plant (D:6)
4 creatures vanquished.

Grand Total: 140 creatures vanquished

Notes
Turn   | Place    | Note
-------+----------+-------------------------------------------
     0 | D:1      | RedEric7 the Human Chaos Knight began the quest for the
                  | Orb.
     0 | D:1      | Reached XP level 1. HP: 18/18 MP: 1/1
    87 | D:1      | XOM: divination: magic mapping
   227 | D:1      | XOM: silly message
   244 | D:1      | Reached XP level 2. HP: 20/24 MP: 2/2
   493 | D:2      | Found Sousep's Antique Weapon Boutique.
   771 | D:2      | Reached XP level 3. HP: 28/29 MP: 3/3
   987 | D:3      | XOM: smoke on damage
  1000 | D:3      | Reached skill level 1 in Evocations
  1130 | D:3      | Reached XP level 4. HP: 24/35 MP: 4/4
  1139 | D:3      | XOM: 2-stop teleportation journey
  1228 | D:4      | Noticed Edmund
  1235 | D:3      | XOM: smoke on damage
  1238 | D:3      | XOM: divination: detect items
  1241 | D:3      | Gained mutation: You have sharp fingernails. [potion of
                  | mutation]
  1241 | D:3      | Gained mutation: You occasionally shout uncontrollably at
                  | your foes. [potion of mutation]
  1241 | D:3      | Gained mutation: You are resistant to electric shocks.
                  | (rElec) [potion of mutation]
  1241 | D:3      | Gained mutation: You are robust. (+10% HP) [potion of
                  | mutation]
  1241 | D:3      | Xom revived you
  1249 | D:3      | Killed Edmund
  1250 | D:3      | Reached skill level 1 in Stealth
  1250 | D:3      | Reached XP level 5. HP: 10/45 MP: 5/5
  1718 | D:3      | Paralysed by a kobold for 2 turns
  1724 | D:3      | Paralysed by a kobold for 3 turns
  1817 | D:3      | Found a faded altar of an unknown god.
  1817 | D:3      | Found a white marble altar of Elyvilon.
  1827 | D:3      | Found an ancient bone altar of Kikubaaqudgha.
  1832 | D:3      | Found a broken altar of Ashenzari.
  1834 | D:3      | Found a sacrificial altar of Ru.
  1891 | D:3      | Found Woev's Armour Boutique.
  1909 | D:3      | Reached XP level 6. HP: 42/52 MP: 6/6
  2606 | D:1      | XOM: cloud trail
  2675 | D:1      | Found a faded altar of an unknown god.
  2709 | D:1      | Lost mutation: You are robust. (+10% HP) [potion of
                  | mutation]
  2709 | D:1      | Lost mutation: You are resistant to electric shocks.
                  | (rElec) [potion of mutation]
  2709 | D:1      | Gained mutation: You possess an exceptional clarity of
                  | mind. [potion of mutation]
  2709 | D:1      | Gained mutation: Your spells are a little harder to cast,
                  | but a little more powerful. [potion of mutation]
  2731 | D:1      | XOM: cloud trail
  2838 | D:1      | XOM: give mutations
  2838 | D:1      | Gained mutation: You are robust. (+10% HP) [Xom's grace]
  2838 | D:1      | Gained mutation: Your muscles are strong. (Str +4, Int/Dex
                  | -1) [Xom's grace]
  2838 | D:1      | Gained mutation: Your mind is acute. (Int +4, Str/Dex -1)
                  | [Xom's grace]
  3020 | D:2      | Bought a runed hand axe for 126 gold pieces
  3077 | D:4      | XOM: scenery: summon butterflies
  3117 | D:4      | XOM: give mutations
  3117 | D:4      | Gained mutation: You are very robust. (+20% HP) [Xom's
                  | grace]
  3117 | D:4      | Gained mutation: You are extremely robust. (+30% HP) [Xom's
                  | grace]
  3117 | D:4      | Gained mutation: Your flesh is heat resistant. (rF+) [Xom's
                  | grace]
  3151 | D:4      | XOM: polymorph gnoll bouda -> iguana
  3181 | D:4      | XOM: give mutations
  3181 | D:4      | Gained mutation: You are partially covered in iridescent
                  | scales. (AC +2) [Xom's grace]
  3181 | D:4      | Gained mutation: You are somewhat resistant to further
                  | mutation. [Xom's grace]
  3181 | D:4      | Gained mutation: Your system is resistant to poisons.
                  | (rPois) [Xom's grace]
  3181 | D:4      | Gained mutation: You are strong-willed. (Will+) [Xom's
                  | grace]
  3466 | D:4      | Found Paniveot's General Store.
  3533 | D:4      | Reached XP level 7. HP: 61/68 MP: 7/7
  3819 | D:4      | XOM: potion effect (curing)
  4030 | D:5      | Entered Level 5 of the Dungeon
  4259 | D:5      | XOM: butterfly on damage
  4269 | D:5      | Reached skill level 5 in Axes
  4269 | D:5      | Reached skill level 1 in Maces & Flails
  4527 | D:5      | XOM: give mutations
  4527 | D:5      | Lost mutation: Your system is resistant to poisons. (rPois)
                  | [Xom's mischief]
  4527 | D:5      | Lost mutation: Your spells are a little harder to cast, but
                  | a little more powerful. [Xom's mischief]
  4527 | D:5      | Lost mutation: Your muscles are strong. (Str +4, Int/Dex
                  | -1) [Xom's mischief]
  4527 | D:5      | Gained mutation: Your body sometimes deteriorates upon
                  | taking damage. [Xom's mischief]
  4593 | D:4      | Reached XP level 8. HP: 64/78 MP: 8/8
  4878 | D:5      | Noticed a shapeshifter
  4878 | D:5      | a jelly changed into a shapeshifter
  4878 | D:5      | a shapeshifter changed into a black bear
  4883 | D:5      | XOM: scenery: create altars
  4887 | D:5      | XOM: cleaving
  5186 | D:4      | XOM: draining
  5495 | D:5      | Reached skill level 1 in Throwing
  5740 | D:5      | XOM: noise
  5772 | D:6      | Noticed Menkaure
  5777 | D:6      | Killed Menkaure
  5830 | D:6      | Found a staircase to the Ecumenical Temple.
  5847 | D:6      | Reached skill level 5 in Armour
  6017 | D:6      | XOM: give mutations
  6017 | D:6      | Lost mutation: Your flesh is heat resistant. (rF+) [Xom's
                  | mischief]
  6017 | D:6      | Lost mutation: Your body sometimes deteriorates upon taking
                  | damage. [Xom's mischief]
  6017 | D:6      | Lost mutation: You are somewhat resistant to further
                  | mutation. [Xom's mischief]
  6017 | D:6      | Gained mutation: You have hidden genetic potential. [Xom's
                  | mischief]
  6017 | D:6      | Lost mutation: You possess an exceptional clarity of mind.
                  | [Xom's mischief]
  6019 | D:6      | XOM: smoke on damage
  6024 | D:6      | XOM: chaos upgrade
  6025 | D:6      | XOM: polymorph gnoll -> river rat
  6030 | D:6      | Reached skill level 1 in Ranged Weapons
  6205 | D:6      | XOM: give mutations
  6205 | D:6      | Lost mutation: Your mind is acute. (Int +4, Str/Dex -1)
                  | [Xom's mischief]
  6205 | D:6      | Gained mutation: You have sharp toenails. [Xom's mischief]
  6205 | D:6      | Lost mutation: You have sharp fingernails. [Xom's mischief]
  6226 | D:6      | Reached XP level 9. HP: 81/85 MP: 9/9
  6237 | D:6      | XOM: 3-stop teleportation journey
  6382 | D:6      | Found a radiant altar of Vehumet.
  6507 | D:6      | XOM: potion effect (brilliance)
  6555 | D:6      | XOM: god gift: ivory wand {god gift}
  6909 | D:7      | Reached skill level 5 in Fighting
  7124 | D:7      | Gained mutation: You passively map a small area around you.
                  | [hidden potential]
  7330 | D:7      | Noticed a skeletal warrior
  7331 | D:7      | Noticed a skeletal warrior
  7332 | D:7      | Noticed a skeletal warrior
  7369 | D:7      | Noticed a skeletal warrior
  7379 | D:7      | XOM: divine lightning
  7383 | D:7      | Killed a skeletal warrior
  7400 | D:7      | Killed a skeletal warrior
  7401 | D:7      | Reached XP level 10. HP: 13/96 MP: 10/10
  7412 | D:7      | Killed a skeletal warrior
  7413 | D:7      | Reached skill level 5 in Stealth
  7504 | D:7      | XOM: god gift: 2 purple potions {god gift}
  7653 | D:7      | XOM: scenery: 1 doors close
  7783 | D:7      | XOM: cast spell 'Necromutation'
  7784 | D:7      | XOM: cast spell 'Alistair's Intoxication'
  7799 | D:7      | Mangled by a skeletal warrior

Illustrated notes

Levels and vault maps discovered:
D:1:      dpeg_arrival_ratfight, layout_loops_ring,
          shapermc_ecumenical_altar_notcrosses
D:2:      layout_basic, serial_shops, nicolae_shop_overgrown_old_shop,
          grunt_decor_mini_mirrors
D:3:      cheibrodos_thug_alley, layout_rooms,
          chequers_temple_overflow_minitemple, serial_shops,
          nicolae_shop_temple_entry_statues_fountains
D:4:      layout_basic, serial_shops, shop, uniq_edmund
D:5:      layout_rooms
D:6:      layout_basic, mainiacjoe_overflow_paths, minmay_temple_entry_glass,
          serial_undead, serial_undead_a, serial_undead_c, serial_undead_b,
          serial_undead_e, item_on_display_a, uniq_menkaure
D:7:      layout_basic, doesnt_xom_only_xom

Skill      XL: |  1  2  3  4  5  6  7  8  9 10 |
---------------+-------------------------------+-----
Evocations     | 1 2 3 |  3.9
Stealth        | 1 2 3 4 5 |  5.2
Axes           | 4 5 6 |  6.8
Armour         | 3 4 5 6 |  6.3
Dodging        | 2 3 4 |  4.2
Fighting       | 4 5 |  5.7
Maces & Flails | 1 2 3 |  3.6
Throwing       | 1 2 3 |  3.1
Ranged Weapons | 1 2 |  2.4

Action                   |  1- 3 |  4- 6 |  7- 9 | 10-12 || total
-------------------------+-------+-------+-------+-------++-------
Melee: Hand axe          |    82 |   133 |   198 |       ||   413
       Dire flail        |       |     5 |    36 |       ||    41
       Punch             |       |     2 |     1 |     1 ||     4
       Kick              |       |       |    37 |    11 ||    48
       War axe           |       |       |       |    20 ||    20
 Fire: Shortbow          |       |       |    14 |     2 ||    16
Throw: Throwing net      |       |       |     4 |     2 ||     6
Evoke: Piece from Xom's  |     3 |    14 |     9 |     1 ||    27
       Wand              |       |     4 |     2 |       ||     6
  Use: Scroll            |     3 |     1 |    10 |       ||    14
       Potion            |       |     4 |     5 |       ||     9
 Stab: Petrified         |     2 |       |    12 |       ||    14
       Paralysed         |       |    12 |     4 |       ||    16
       Confused          |       |     2 |     2 |       ||     4
       Sleeping          |       |     1 |       |       ||     1
       Petrifying        |       |       |     1 |       ||     1
       Held in net/web   |       |       |       |     1 ||     1
Armor: Ring mail         |     4 |       |       |       ||     4
       Plate armour      |    75 |   128 |   248 |     5 ||   456
Dodge: Dodged            |    11 |    27 |    69 |     5 ||   112
